 Dungeon Crawl Stone Soup version 0.30.1-4-g462c640d31 (webtiles) character file.

Game seed: 4612213878275106287

209 Gabide the Insei (level 5, -1/28 HPs)
             Began as a Vine Stalker Gladiator on Aug 11, 2023.
             Slain by an orc warrior
             ... wielding a +0 hand axe
              (6 damage)
             ... on level 6 of the Dungeon.
             The game lasted 00:03:00 (2097 turns).

Gabide the Insei (Vine Stalker Gladiator)           Turns: 2097, Time: 00:03:01

Health: -1/28      AC:  4    Str: 17    XL:     5   Next: 87%
Magic:  0/7        EV: 13    Int:  8    God:
Gold:   160        SH:  0    Dex: 17    Spells: 6/6 levels left

rFire   . . .        a - +0 dagger (speed)
rCold   . . .        (no shield)
rNeg    . . .        e - +0 leather armour
rPois   .            b - +0 helmet
rElec   .            (no cloak)
rCorr   .            (no gloves)
SInv    .            (no boots)
Will    .....        (no amulet)
Stlth   +            (no ring)
HPRegen 1.04/turn    (no ring)
MPRegen 0.10/turn

%: guardian spirit
@: no status effects
A: fangs 2, regeneration 1, magic shield, antimagic bite, no potion heal 2
a: no special abilities


You were on level 6 of the Dungeon.
You visited 1 branch of the dungeon, and saw 4 of its levels.

You collected 160 gold pieces.

Inventory:

Hand Weapons
 a - a +0 dagger of speed (weapon)
Armour
 b - a +0 helmet (worn)
 e - a +0 leather armour (worn)
Scrolls
 f - a scroll of immolation
 i - 2 scrolls of teleportation {unknown}
 k - a scroll of brand weapon {unknown}
 l - a scroll of enchant armour {unknown}
 n - a scroll of identify {unknown}
Potions
 g - a potion of curing {unknown}
 h - 2 potions of berserk rage {unknown}
 j - a potion of flight {unknown}
 m - a potion of degeneration {unknown}


   Skills:
 - Level 3.0 Fighting
 + Level 2.2 Short Blades
 - Level 3.0 Throwing
 - Level 1.0 Armour
 - Level 3.0 Dodging
 - Level 3.0 Unarmed Combat
 - Level 1.0 Spellcasting


You had 6 spell levels left.
You didn't know any spells.
Your spell library contained the following spells:

 Spells                   Type           Power      Damage    Failure   Level
 Necrotise                Necr           0%         1d4       43%         1
 Vampiric Draining        Necr           0%         2d6       80%         3
 Agony                    Necr           0%         N/A       100%        5


Dungeon Overview and Level Annotations

Branches:
Dungeon (3/15)

Altars:

Shops:
D:2 (


Innate Abilities, Weirdness & Mutations

You have extremely sharp teeth.
Your natural rate of healing is unusually fast.
When hurt, damage is shared between your health and your magic reserves.
Your bite disrupts and absorbs the magic of your enemies.
Potions cannot restore your health.


Message History

You bite the orc warrior, but do no damage.
The orc warrior struggles against the net.
You hit the orc warrior but do no damage.
Your bite misses the orc warrior.
The orc warrior struggles against the net.
You hit the orc warrior but do no damage.
You hit the orc warrior but do no damage.
You bite the orc warrior. You drain its power.
You feel invigorated.
The orc warrior is lightly wounded.
The orc warrior struggles against the net.
The net rips apart, and the orc warrior comes free!
Okay, then.
Unknown command.
The orc warrior attacks as you move away!
The orc warrior hits you with a +0 hand axe!
Throw: throwing net
Press: ? - help, Q - select action, (/) - cycle Shift-Dir - straight line, f/p - orc warrior
Aim: an orc warrior, wielding a +0 hand axe and wearing a +0 plate armour (lightly wounded, 62% to hit)
You throw a throwing net.
The throwing net closely misses the orc warrior.
The throwing net barely misses the orc.
Something gets caught in the net!
Something wriggles in the net.
The orc warrior hits you with a +0 hand axe.
Throw: javelin
Press: ? - help, Q - select action Shift-Dir - straight line, f/p - orc warrior
Aim: an orc warrior, wielding a +0 hand axe and wearing a +0 plate armour (lightly wounded, 62% to hit)
You throw a javelin.
The javelin pierces through the orc warrior.
The orc warrior is moderately wounded.
The javelin pierces through the orc!
You kill the orc!
Something wriggles in the net.
The orc warrior hits you with a +0 hand axe!
* * * LOW HITPOINT WARNING * * *
Something wriggles in the net.
As you read the scroll labelled ILEAP XIBASK, it crumbles to dust.
The creatures around you are filled with an inner flame!
It was a scroll of immolation.
Something wriggles in the net.
The orc warrior hits you with a +0 hand axe.
You die...

.#......................#
#.#
.......#.##.###########.#
#.# .#.....#.##.# #.# #.#
)##.........# #.# #.#
..##.###.#### #.# #.#
..##.###.######### #.#
#.# .........##......#
#.# #.#
#.##.######.####.# #.#
#.# #.##.######.# #@# #.#
#.# #.##........# #o# #.#
#.# #.########### #.#
#.#####.# #.# #)#
#.......# #.# #..######
#{. #..# ##.# #..# .#
#..# .. #..#


You could see an orc warrior (inner flame).

Vanquished Creatures
  A scorpion (D:3)
  A hound (D:6)
  An orc wizard (D:3)
  A sleepcap (D:2)
  An adder (D:3)
  A dart slug (D:1)
  6 orcs
  2 endoplasms
  3 giant cockroaches (D:1)
  4 goblins
  3 hobgoblins (D:1)
  3 jackals (D:1)
  3 kobolds
  4 quokkas
  9 ball pythons
  3 bats
  A frilled lizard (D:1)
  6 rats
53 creatures vanquished.

Notes
Turn   | Place    | Note
-------+----------+-------------------------------------------
     0 | D:1      | Gabide the Vine Stalker Gladiator began the quest for the
                  | Orb.
     0 | D:1      | Reached XP level 1. HP: 11/11 MP: 2/2
   145 | D:1      | Reached XP level 2. HP: 13/15 MP: 3/3
   368 | D:1      | Reached XP level 3. HP: 12/18 MP: 2/4
   845 | D:2      | Found Xudd's Antique Weapon Emporium.
  1151 | D:2      | Gained mutation: Your natural rate of healing is unusually
                  | fast. [Vine Stalker growth]
  1151 | D:2      | Reached XP level 4. HP: 9/23 MP: 2/5
  1869 | D:3      | Reached XP level 5. HP: 25/28 MP: 2/7
  1923 | D:3      | Reached skill level 1 in Armour
  1923 | D:3      | Reached skill level 1 in Spellcasting
  1923 | D:3      | Reached skill level 1 in Short Blades
  1944 | D:3      | You fall into a shaft and drop 3 floors!
  2074 | D:6      | Noticed an orc warrior
  2097 | D:6      | Slain by an orc warrior

Illustrated notes

Levels and vault maps discovered:
D:1:      psy_arrival_basics, layout_loops_ring, minmay_distorted
D:2:      minmay_skewed_foursquare, layout_loops_cross, serial_shops, shop,
          minivault_19
D:3:      layout_basic
D:6:      layout_loops_ring, kennysheep_little_box, uniq_duvessa

Skill      XL: |  1  2  3  4  5 |
---------------+----------------+-----
Fighting       | 2 3 |  3.0
Throwing       | 2 3 |  3.0
Dodging        | 3 |  3.0
Armour         | 1 |  1.0
Spellcasting   | 1 |  1.0
Short Blades   | 2 |  2.2
Unarmed Combat | |  3.0

Action                     |  1- 3 |  4- 6 || total
---------------------------+-------+-------++-------
  Melee: Unarmed           |    85 |       ||    85
         Bite              |    33 |    35 ||    68
         Punch             |     6 |     4 ||    10
         Dagger            |    29 |   127 ||   156
  Throw: Javelin           |     1 |     1 ||     2
         Throwing net      |     1 |     2 ||     3
    Use: Scroll            |     3 |     1 ||     4
   Stab: Sleeping          |     1 |       ||     1
         Held in net/web   |     2 |     1 ||     3
 Armour: Leather armour    |    22 |    18 ||    40
  Dodge: Dodged            |    59 |    46 ||   105
